 Dungeon Crawl Stone Soup version 0.27-a0-1193-g8631133539 (webtiles) character file.

Game seed: 579542931412505704

287267 wakim the Tortoise (level 19, -21/182 HPs)
             Began as a Minotaur Monk on May 25, 2021.
             Was a High Priest of Nemelex Xobeh.
             Killed from afar by a deep elf sorcerer (47 damage)
             ... with damnation
             ... on level 2 of the Elven Halls on May 26, 2021.
             The game lasted 02:44:19 (51179 turns).

wakim the Tortoise (Minotaur Monk)                 Turns: 51179, Time: 02:44:20

Health: -21/182    AC: 33    Str: 24    XL:     19   Next: 85%
Magic:  30/30      EV: 13    Int: 14    God:    Nemelex Xobeh [*****.]
Gold:   2871       SH: 23    Dex: 23    Spells: 18/18 levels left

rFire    . . .     SeeInvis +   a - +3 demon whip "Voul" {vamp, Dex+4 SInv}
rCold    + . .     Faith    +   z - +0 tower shield
rNeg     . . .     Spirit   .   k - +8 plate armour of Beauty {rC+ Dex+6 Stlth+}
rPois    +         Reflect  .   (helmet restricted)
rElec    .         Harm     .   s - scarf {repulsion}
rCorr    +         Rampage  .   e - +1 pair of gloves
Will     ++...                  W - +2 pair of boots {Fly}
Stlth    ..........             S - amulet "Uqyihet" {Faith *Corrode Fly rPois Int+3}
HPRegen  0.40/turn              l - ring of willpower
MPRegen  0.22/turn              h - ring of Caziebbe {rCorr Int+4}

@: flying, studying Slings, repel missiles
A: horns 2, retaliatory headbutt
}: 2/15 runes: barnacled, gossamer
a: Renounce Religion, Draw Escape, Draw Destruction, Draw Summoning, Triple
Draw, Deal Four, Stack Five


You were on level 2 of the Elven Halls.
You worshipped Nemelex Xobeh.
Nemelex Xobeh was extremely pleased with you.
You visited 7 branches of the dungeon, and saw 35 of its levels.
You visited the Abyss 1 time.
You also visited: Sewer.

You collected 4419 gold pieces.
You spent 1548 gold pieces at shops.

Inventory:

Hand Weapons
 a - the +3 demon whip "Voul" (weapon) {vamp, Dex+4 SInv}
   (You acquired it on level 3 of the Lair of Beasts)

   It inflicts no extra harm, but heals its wielder when it wounds a living foe.
   It affects your dexterity (+4).
   It lets you see invisible.
Missiles
 b - 2 atropa-tipped darts
 c - 17 javelins
 p - 9 curare-tipped darts (quivered) {=f}
 q - 6 throwing nets {=f!f}
Armour
 e - a +1 pair of gloves (worn)
 k - the +8 plate armour of Beauty (worn) {rC+ Dex+6 Stlth+}
   (You bought it in a shop on level 2 of the Orcish Mines)

   It affects your dexterity (+6).
   It protects you from cold.
   It makes you more stealthy.
 s - a scarf of repulsion (worn)
 z - a +0 tower shield (worn)
 W - a +2 pair of boots of flying (worn)
Jewellery
 h - the ring of Caziebbe (right hand) {rCorr Int+4}
   (You found it on level 9 of the Dungeon)

   [ring of resist corrosion]

   It affects your intelligence (+4).
   It protects you from acid and corrosion.
 i - an amulet of regeneration
 l - a ring of willpower (left hand)
 m - a +6 ring of strength
 n - a ring of protection from fire
 t - a +4 ring of protection
 D - a ring of see invisible
 P - a ring of willpower
 S - the amulet "Uqyihet" (around neck) {Faith *Corrode Fly rPois Int+3}
   (You found it on level 10 of the Dungeon)

   [amulet of faith]

   It allows you to gain divine favour quickly.
   It affects your intelligence (+3).
   It protects you from poison.
   It grants you flight.
   It may corrode you when you take damage.
Wands
 f - a wand of iceblast (22)
 u - a wand of mindburst (68)
 v - a wand of flame (63)
 w - a wand of acid (32)
 x - a wand of charming (17)
 y - a wand of paralysis (12)
Scrolls
 d - 6 scrolls of enchant weapon
 g - 6 scrolls of enchant armour
 o - a scroll of brand weapon
 r - 16 scrolls of identify
 Q - 3 scrolls of immolation {!r!r}
 R - 2 scrolls of magic mapping {!r}
 T - 14 scrolls of teleportation
 U - 6 scrolls of fear
 X - 4 scrolls of fog
 Y - 3 scrolls of blinking {!r}
Potions
 A - 7 potions of ambrosia
 B - 5 potions of attraction {!q}
 C - a potion of berserk rage {!q}
 E - a potion of cancellation
 F - 14 potions of curing
 H - 6 potions of haste
 I - 3 potions of invisibility
 J - 2 potions of heal wounds
 K - 2 potions of magic
 L - 5 potions of lignification {!q}
 M - 3 potions of mutation {!q}
 N - 7 potions of might
 O - 5 potions of resistance


   Skills:
 * Level 19.0 Fighting
 + Level 15.1 Maces & Flails
 - Level 19.0 Armour
 + Level 11.0 Dodging
 - Level 1.5 Stealth
 + Level 17.4 Shields
 * Level 17.4 Invocations


You had 18 spell levels left.
You didn't know any spells.
Your spell library contained the following spells:

 Spells                   Type           Power      Damage    Failure   Level
 Apportation              Tloc           0%         N/A       99%         1
 Corona                   Hex            0%         N/A       99%         1
 Foxfire                  Conj/Fire      0%         2x1d4     99%         1
 Freeze                   Ice            0%         1d3       99%         1
 Magic Dart               Conj           0%         1d3       99%         1
 Sting                    Tmut/Pois      0%         1d3       99%         1
 Ensorcelled Hibernation  Hex/Ice        0%         N/A       100%        2
 Poisonous Vapours        Pois/Air       0%         N/A       100%        2
 Searing Ray              Conj           0%         3d3       100%        2
 Slow                     Hex            0%         N/A       100%        2
 Sublimation of Blood     Necr           0%         N/A       100%        2
 Confusing Touch          Hex            0%         N/A       100%        3
 Conjure Flame            Conj/Fire      0%         6-21      100%        3
 Dazzling Flash           Conj/Hex       0%         N/A       100%        3
 Frozen Ramparts          Ice            0%         1d2       100%        3
 Ignite Poison            Fire/Tmut/Pois 0%         N/A       100%        3
 Inner Flame              Hex/Fire       0%         N/A       100%        3
 Lesser Beckoning         Tloc           0%         N/A       100%        3
 Mephitic Cloud           Conj/Pois/Air  0%         N/A       100%        3
 Ozocubu's Armour         Ice            0%         N/A       100%        3
 Portal Projectile        Hex/Tloc       0%         N/A       100%        3
 Tukima's Dance           Hex            0%         N/A       100%        3
 Cause Fear               Hex            0%         N/A       100%        4
 Fulminant Prism          Conj/Hex       0%         3d6       100%        4
 Hailstorm                Conj/Ice       0%         3d3       100%        4
 Iskenderun's Mystic Bla  Conj/Tloc      0%         2d3       100%        4
 Leda's Liquefaction      Hex/Erth       0%         N/A       100%        4
 Olgreb's Toxic Radiance  Pois           0%         N/A       100%        4
 Petrify                  Tmut/Erth      0%         N/A       100%        4
 Sticky Flame             Conj/Fire      0%         2d3       100%        4
 Alistair's Intoxication  Tmut/Pois      0%         N/A       100%        5
 Bolt of Magma            Conj/Fire/Erth 0%         4d4       100%        5
 Fireball                 Conj/Fire      0%         3d3       100%        5
 Irradiate                Conj/Tmut      0%         3d13      100%        5
 Iskenderun's Battlesphe  Conj           0%         2d6       100%        5
 Metabolic Englaciation   Hex/Ice        0%         N/A       100%        5
 Eringya's Noxious Bog    Tmut/Pois      0%         N/A       100%        6
 Freezing Cloud           Conj/Ice/Air   0%         6-21      100%        6
 Invisibility             Hex            0%         N/A       100%        6
 Iron Shot                Conj/Erth      0%         9d1       100%        6
 Starburst                Conj/Fire      0%         8x6d3     100%        6
 Orb of Destruction       Conj           0%         N/A       100%        7
 Spellforged Servitor     Conj/Summ      0%         N/A       100%        7
 Ignition                 Fire           0%         3d3       100%        8


Dungeon Overview and Level Annotations

Branches:
Dungeon (15/15)            Temple (1/1) D:6            Lair (6/6) D:11
 Shoals (4/4) Lair:4       Spider (4/4) Lair:4        Slime (0/5) Lair:5
    Orc (2/2) D:11            Elf (3/3) Orc:2        Vaults (0/5) D:14
 Depths (0/5) D:15          Sewer (visited)

Altars:
Dithmenos
Gozag
Hepliaklqana
Nemelex Xobeh
Okawaru
Qazlal
Uskayaw
Yredelemnul
Beogh
Jiyva

Shops:
Orc:1 =   Orc:2 [[?*   Elf:2 =   Shoals:3 !

Portals:
Trove: D:14 (give +3 storm dragon scales)

Annotations:
D:15 exclusion: orange crystal statue


Innate Abilities, Weirdness & Mutations

You have a pair of horns on your head.
You reflexively headbutt those who attack you in melee.


Message History

The small abomination hits you but does no damage.
You block the unseen horror's attack.
The small abomination hits you but does no damage.
You hit the unseen horror.
You feel better.
You headbutt the unseen horror!
You kill the unseen horror!
Tentacles burst from the starspawn's body! 2 starspawn tentacles come into view.
You hit the small abomination but do no damage.
Your headbutt misses the small abomination.
You block the small abomination's attack.
The starspawn tentacle misses you. You furiously retaliate!
You headbutt the starspawn tentacle.
A starspawn tentacle comes into view.
You hit the small abomination but do no damage.
You headbutt the small abomination!
The small abomination is heavily damaged.
You block the small abomination's attack.
The starspawn tentacle grabs you. The starspawn tentacle constricts you.
You escape the starspawn tentacle's grasp.
You block the small abomination's attack.
You block the small abomination's attack.
The small abomination barely misses you.
You furiously retaliate!
You headbutt the small abomination!
You destroy the small abomination!
There is a gateway leading out of the Abyss here.
You pass through the gate.
Welcome back to the Elven Halls!
Items here: ( )))) [[.
There is a stone staircase leading down, spattered with blood here.
Things that are here:
a +0 chain mail; a +0 short sword
Items here: ( )))) [[.
The deep elf sorcerer points at you and mumbles some strange words.
The sphere of damnation explodes!
The damnation engulfs you!!!
* * * LOW HITPOINT WARNING * * *
You feel much better.
The deep elf sorcerer points at you and mumbles some strange words.
The sphere of damnation explodes!
The damnation engulfs you!!!
You die...
Your body glows with a rainbow of weird colours and disappears.

#.....#.....(.###
##.............##
###.............#
#.....<.........#
##...............#
#...............##
##..............##.
#...............##.
#.@##..[.....<..##.
##.#...#.#.##..####.
##.###.......#..####. ### ##e##
##.#.#.......... ..# ##.##
##.....####.### ..# #[##
##..#.## #.# # ..# #>.##
##..###.# #.# #
..#########[#.## ##.##.#.## #(#
#
............##e###..##...####.#
#


You could see a deep elf sorcerer.

Vanquished Creatures
  Arachne (Spider:4)
  Asterion (Elf:1)
  Polyphemus (Shoals:2)
  4 krakens
  A tentacled starspawn (Abyss:3)
  Kirke (Spider:3)
  An azure jelly (Orc:2)
  Ilsuiw (Shoals:4)
  2 deep elf sorcerers
  Aizul (Shoals:3)
  An orc warlord (Orc:1)
  4 ghost moths
  An angel (Abyss:3)
  7 emperor scorpions
  An entropy weaver (Spider:1)
  A yellow draconian (Abyss:3)
  Snorg (D:11)
  A dire elephant (Lair:4)
  2 spark wasps
  An ettin (D:15)
  2 merfolk javelineers (Shoals:4)
  4 merfolk impalers (Shoals:4)
  A deep elf death mage (Elf:1)
  A deep elf high priest (Elf:1)
  Josephine (Lair:6)
  6 hydras
  Erolcha (D:12)
  2 vault guards (D:14)
  7 catoblepae
  2 boulder beetles
  3 merfolk aquamancers
  An ogre mage (D:15)
  2 merfolk avatars (Shoals:2)
  Erica (D:11)
  4 centaur warriors
  4 satyrs
  4 death knights (D:14)
  10 two-headed ogres
  25 dancing weapons
  3 tengu warriors
  12 death yaks
  A vampire mage (Abyss:3)
  Sonja (D:11)
  4 orc high priests (Orc:2)
  11 deep elf knights
  2 wretched stars (Abyss:3)
  Nergalle (D:12)
  2 skeletal warriors
  A death drake (Orc:2)
  11 sea snakes
  2 deep trolls (D:15)
  2 wizards
  13 deep elf archers
  A lindwurm (Lair:6)
  Pikel (D:8)
  29 harpies
  7 orc knights
  3 wolf spider zombies (Spider:1)
  2 phantasmal warriors
  20 orb spiders
  A kraken simulacrum (Shoals:4)
  2 spectral wolf spiders (Spider:1)
  17 deep elf zephyrmancers
  27 deep elf pyromancers
  34 wolf spiders
  A necromancer (D:15)
  6 manticores
  An orc sorcerer (Orc:2)
  24 ugly things
  A worldbinder (Abyss:3)
  5 cyclopes
  13 fauns
  3 elephants
  Maurice (Orc:1)
  12 merfolk sirens
  A smoke demon (Abyss:3)
  A black mamba (shapeshifter) (Elf:2)
  4 gargoyles
  5 torpor snails
  3 water nymphs
  4 black mambas
  Psyche (D:8)
  4 unseen horrors
  14 cane toads
  Maggie (Lair:2)
  An unseen horror (shapeshifter) (D:14)
  An efreet (D:13)
  An ancient zyme (Abyss:3)
  16 demonic crawlers
  6 rime drakes
  3 freezing wraiths
  A tormentor (Abyss:3)
  2 tengu conjurers
  5 komodo dragons
  A queen bee (Lair:5)
  10 trolls
  18 merfolk
  7 meliai
  5 polar bears
  24 blink frogs
  38 jumping spiders
  15 slime creatures
  14 hornets
  A raiju (Abyss:3)
  4 wind drakes
  3 wolf spider simulacra (Spider:1)
  11 snapping turtles
  8 dream sheep
  An air elemental (Elf:2)
  3 shadows
  28 tarantellas
  85 redbacks
  2 vampires
  A spriggan (shapeshifter) (D:14)
  A ynoxinul (Abyss:3)
  10 water elementals
  3 fire elementals
  A tarantella (shapeshifter) (D:14)
  9 wyverns
  13 yaks
  7 wraiths
  8 basilisks
  A golden eye (shapeshifter) (Elf:1)
  2 steam dragons
  A chaos spawn (Abyss:3)
  7 hogs (Spider:3)
  12 vampire mosquitoes
  2 large abominations (Abyss:3)
  7 wargs
  A two-headed ogre zombie (D:11)
  2 acid dragons (D:12)
  A neqoxec (Abyss:3)
  A swamp worm (Elf:2)
  Duvessa (D:7)
  24 water moccasins
  A floating eye (D:13)
  40 orc warriors
  A swamp drake (Orc:2)
  Purgy (Sewer)
  3 ice beasts
  A hornet zombie (D:8)
  4 wolves (Lair:3)
  A tengu (Shoals:4)
  16 centaurs
  15 ogres
  2 lemures (D:8)
  2 phantoms
  12 bullfrogs
  2 kobold brigands (D:9)
  A gnoll sergeant (D:8)
  An earth elemental (Elf:1)
  3 scorpions
  Dowan (D:7)
  5 troll zombies (D:11)
  40 killer bees
  4 small abominations (Abyss:3)
  2 wights (D:8)
  3 howler monkeys (D:9)
  2 bullfrog zombies
  5 hounds
  An iron imp (Abyss:3)
  3 centaur zombies
  A gnoll shaman (D:5)
  24 orc priests
  A centaur skeleton (D:7)
  5 jellies
  Terence (D:2)
  3 iguanas
  25 orc wizards
  9 hell rats
  A killer bee zombie (D:6)
  2 ogre zombies (D:11)
  Robin (D:2)
  9 gnolls
  12 adders
  A white imp (Abyss:3)
  A worm (D:2)
  2 dart slugs (D:1)
  87 orcs
  9 ball pythons
  8 endoplasms
  8 giant cockroaches
  13 hobgoblins
  7 jackals
  5 quokkas
  10 bats
  5 frilled lizards
  15 goblins
  3 goblin zombies (D:11)
  A hobgoblin skeleton (D:11)
  4 hobgoblin zombies (D:11)
  23 kobolds
  2 orc skeletons (D:11)
  15 orc zombies (D:11)
  4 rats (D:1)
  13 tentacles
1361 creatures vanquished.

Vanquished Creatures (collateral kills)
  A merfolk javelineer (Shoals:4)
  A merfolk impaler (Shoals:4)
  A vault guard (D:14)
  2 ogre magi (D:14)
  A catoblepas (Lair:5)
  A death knight (D:14)
  A tengu warrior (D:14)
  A dancing weapon (Elf:2)
  An orc high priest (Orc:2)
  A deep elf knight (Elf:2)
  A cyclops (D:14)
  A cane toad (Lair:5)
  A merfolk (Lair:6)
  A blink frog (Lair:5)
  A human (D:14)
  3 orc warriors (Orc:2)
  A sky beast (shapeshifter) (Lair:6)
  A killer bee (Lair:5)
  3 orc priests (Orc:2)
  3 orcs
27 creatures vanquished.

Vanquished Creatures (others)
  Harold (D:7)
  2 orb spiders
  A wolf spider (Spider:2)
  A demonic crawler (Spider:2)
  A centaur (D:14)
  3 killer bees (Lair:5)
  An orc (D:15)
  A butterfly (Lair:5)
  49 fungi
  88 plants
  20 starspawn tentacles (Abyss:3)
  46 tentacles
  9 toadstools (Lair:4)
223 creatures vanquished.

Grand Total: 1611 creatures vanquished

Notes
Turn   | Place    | Note
-------+----------+-------------------------------------------
     0 | D:1      | wakim the Minotaur Monk began the quest for the Orb.
     0 | D:1      | Reached XP level 1. HP: 19/19 MP: 0/0
   105 | D:1      | Reached skill level 1 in Armour
   105 | D:1      | Reached XP level 2. HP: 27/27 MP: 1/1
   289 | D:1      | Found a faded altar of an unknown god.
   528 | D:1      | Reached XP level 3. HP: 22/33 MP: 2/2
  1178 | D:1      | Reached XP level 4. HP: 34/40 MP: 3/3
  1715 | D:2      | Noticed Robin
  1759 | D:2      | Killed Robin
  1814 | D:2      | Noticed Terence
  1833 | D:2      | Killed Terence
  1834 | D:2      | Reached skill level 5 in Maces & Flails
  1834 | D:2      | Reached XP level 5. HP: 40/47 MP: 4/4
  2614 | D:3      | Noticed an orc warrior
  2706 | D:3      | Noticed an ice beast
  2798 | D:4      | Noticed a phantom
  2799 | D:4      | Noticed a steam dragon
  2816 | D:4      | Killed a phantom
  2828 | D:4      | Killed a steam dragon
  2829 | D:4      | Reached XP level 6. HP: 28/55 MP: 5/5
  2969 | D:4      | Found an opulent altar of Gozag.
  2970 | D:4      | Found a sparkling altar of Nemelex Xobeh.
  2980 | D:4      | Became a worshipper of Nemelex Xobeh the Trickster
  2980 | D:4      | Reached * piety under Nemelex Xobeh
  2980 | D:4      | Received a gift from Nemelex Xobeh
  2980 | D:4      | Reached ** piety under Nemelex Xobeh
  3057 | D:4      | Reached skill level 5 in Fighting
  3066 | D:4      | Reached skill level 5 in Armour
  3066 | D:4      | Reached XP level 7. HP: 37/61 MP: 6/6
  3395 | D:5      | Entered Level 5 of the Dungeon
  3402 | D:5      | Reached skill level 1 in Invocations
  3416 | D:5      | Reached skill level 5 in Dodging
  3544 | D:5      | Found a glowing drain.
  3557 | Sewer    | Entered a sewer
  3662 | Sewer    | Noticed Purgy
  3671 | Sewer    | Killed Purgy
  3672 | Sewer    | Reached XP level 8. HP: 63/70 MP: 8/8
  4857 | D:6      | Reached *** piety under Nemelex Xobeh
  4857 | D:6      | Received a gift from Nemelex Xobeh
  4992 | D:6      | Found a basalt altar of Yredelemnul.
  5068 | D:6      | Found a shadowy altar of Dithmenos.
  5135 | D:6      | Found a staircase to the Ecumenical Temple.
  5146 | Temple   | Entered the Ecumenical Temple
  5357 | D:7      | Received a gift from Nemelex Xobeh
  5387 | D:7      | Noticed Harold
  5398 | D:7      | Killed Harold
  5399 | D:7      | Reached XP level 9. HP: 78/78 MP: 8/10
  5509 | D:7      | Noticed Duvessa
  5528 | D:7      | Killed Duvessa
  5537 | D:7      | Noticed Dowan
  5540 | D:7      | Killed Dowan
  5604 | D:7      | Found a stormy altar of Qazlal.
  5913 | D:8      | Noticed a manticore
  5927 | D:8      | Killed a manticore
  6090 | D:8      | Received a gift from Nemelex Xobeh
  6212 | D:8      | Reached skill level 10 in Maces & Flails
  6228 | D:8      | Reached XP level 10. HP: 86/86 MP: 12/12
  6278 | D:8      | Noticed Pikel
  6292 | D:8      | Killed Pikel
  6314 | D:8      | Noticed Psyche
  6497 | D:7      | Reached skill level 10 in Armour
  6511 | D:8      | Killed Psyche
  6512 | D:8      | Reached skill level 5 in Invocations
  6688 | D:8      | Reached **** piety under Nemelex Xobeh
  6929 | D:9      | Received a gift from Nemelex Xobeh
  7178 | D:9      | Identified the ring of Caziebbe {rCorr Int+4}
  7224 | D:9      | Received a gift from Nemelex Xobeh
  7512 | D:9      | Found an iron altar of Okawaru.
  7555 | D:10     | Entered Level 10 of the Dungeon
  7685 | D:10     | Found a viscous altar of Jiyva.
  7713 | D:10     | Identified the +4 hand axe "Kimuj" {vorpal, Str+2 Int+2
                  | Dex-2}
  7927 | D:10     | Received a gift from Nemelex Xobeh
  7952 | D:10     | Reached XP level 11. HP: 20/95 MP: 14/14
  8288 | D:10     | Identified the amulet "Uqyihet" {Faith *Corrode Fly rPois
                  | Int+3}
  8525 | D:11     | Noticed Sonja
  8543 | D:11     | Killed Sonja
  8901 | D:11     | Reached ***** piety under Nemelex Xobeh
  9047 | D:11     | Found a staircase to the Orcish Mines.
  9082 | D:11     | Noticed Erica
  9101 | D:11     | Killed Erica
  9679 | D:11     | Noticed Snorg
  9717 | D:11     | Killed Snorg
 10056 | D:11     | Found a staircase to the Lair.
 10496 | Lair:1   | Entered Level 1 of the Lair of Beasts
 10552 | Lair:1   | Received a gift from Nemelex Xobeh
 11463 | Lair:1   | Received a gift from Nemelex Xobeh
 11905 | Lair:2   | Noticed Maggie
 11909 | Lair:2   | Killed Maggie
 11917 | Lair:2   | Received a gift from Nemelex Xobeh
 12126 | Lair:2   | Reached XP level 12. HP: 79/106 MP: 16/16
 12506 | Lair:2   | Received a gift from Nemelex Xobeh
 13056 | Lair:3   | Received a gift from Nemelex Xobeh
 13077 | Lair:3   | Reached ****** piety under Nemelex Xobeh
 13093 | Lair:3   | Reached skill level 10 in Fighting
 13420 | Lair:3   | Received a gift from Nemelex Xobeh
 13622 | Lair:3   | Identified a scroll of acquirement
 13622 | Lair:3   | Acquired the +3 demon whip "Voul" {vamp, Dex+4 SInv}
 13968 | Lair:4   | Reached skill level 1 in Shields
 14058 | Lair:4   | Received a gift from Nemelex Xobeh
 14302 | Lair:4   | Received a gift from Nemelex Xobeh
 14413 | Lair:4   | Found a staircase to the Shoals.
 14459 | Lair:4   | Found a hole to the Spider Nest.
 14475 | Lair:4   | Received a gift from Nemelex Xobeh
 14588 | Lair:4   | Noticed an eight-headed hydra
 14603 | Lair:4   | Killed an eight-headed hydra
 14732 | Lair:4   | Received a gift from Nemelex Xobeh
 14758 | Lair:4   | Noticed a catoblepas
 14758 | Lair:4   | Noticed a dire elephant
 14785 | Lair:4   | Found a runed translucent door.
 14853 | Lair:4   | Killed a catoblepas
 14854 | Lair:4   | Reached skill level 5 in Shields
 14869 | Lair:4   | Killed a dire elephant
 15166 | Lair:4   | Identified the +8 lajatang "Nojemosk" {elec, Str+4}
 15308 | Lair:5   | Noticed a catoblepas
 15317 | Lair:5   | Killed a catoblepas
 15469 | Lair:5   | Reached XP level 13. HP: 106/115 MP: 18/18
 16048 | Lair:5   | Received a gift from Nemelex Xobeh
 17390 | Lair:5   | Received a gift from Nemelex Xobeh
 17507 | Lair:5   | Found a viscous altar of Jiyva.
 17508 | Lair:5   | Found a staircase to the Slime Pits.
 17635 | Lair:6   | Entered Level 6 of the Lair of Beasts
 17637 | Lair:6   | Noticed Josephine
 17646 | Lair:6   | Killed Josephine
 18164 | Lair:6   | Received a gift from Nemelex Xobeh
 18958 | Lair:6   | Received a gift from Nemelex Xobeh
 19103 | Lair:6   | Received a gift from Nemelex Xobeh
 19121 | Lair:6   | Reached skill level 10 in Shields
 19289 | Lair:6   | Reached skill level 10 in Invocations
 19289 | Lair:6   | Reached XP level 14. HP: 118/126 MP: 20/20
 20561 | D:12     | Received a gift from Nemelex Xobeh
 20579 | D:12     | Noticed Erolcha
 20580 | D:12     | Killed Erolcha
 20792 | D:12     | Noticed Nergalle
 20793 | D:12     | Killed Nergalle
 20814 | D:12     | Received a gift from Nemelex Xobeh
 21465 | D:13     | Received a gift from Nemelex Xobeh
 21471 | D:13     | Found a hazy altar of Hepliaklqana.
 22105 | D:14     | Received a gift from Nemelex Xobeh
 22524 | D:14     | Reached skill level 15 in Armour
 22532 | D:14     | Reached XP level 15. HP: 127/136 MP: 22/22
 22601 | D:14     | Received a gift from Nemelex Xobeh
 22611 | D:14     | Found a portal to a secret trove of treasure.
 22744 | D:14     | Paralysed by an ogre mage for 5 turns
 22890 | D:14     | Found a gate to the Vaults.
 23038 | D:14     | Received a gift from Nemelex Xobeh
 24288 | D:14     | Acquired a +2 pair of boots of flying
 24312 | D:15     | Entered Level 15 of the Dungeon
 24312 | D:15     | Found a hide-covered altar of Uskayaw.
 24636 | D:15     | Received a gift from Nemelex Xobeh
 25710 | D:15     | Received a gift from Nemelex Xobeh
 25730 | D:15     | Found a staircase to the Depths.
 26510 | Orc:1    | Entered Level 1 of the Orcish Mines
 26510 | Orc:1    | Noticed Maurice
 26514 | Orc:1    | Killed Maurice
 26737 | Orc:1    | Found Adizoem's Jewellery Emporium.
 26826 | Orc:2    | Entered Level 2 of the Orcish Mines
 26966 | Orc:2    | Received a gift from Nemelex Xobeh
 27054 | Orc:1    | Received a gift from Nemelex Xobeh
 27381 | Orc:1    | Noticed an orc warlord
 27400 | Orc:1    | Killed an orc warlord
 27858 | Orc:2    | Reached XP level 16. HP: 147/147 MP: 25/25
 28297 | Orc:2    | Found a staircase to the Elven Halls.
 28703 | Orc:2    | Found Beum's Assorted Antiques.
 28947 | Orc:2    | Found Cuny's Magic Scroll Emporium.
 28956 | Orc:2    | Received a gift from Nemelex Xobeh
 28964 | Orc:2    | Bought a scroll of acquirement for 624 gold pieces
 28968 | Orc:2    | Acquired 663 gold pieces
 29395 | Orc:2    | Found Xaadduar's Antique Armour Boutique.
 29418 | Orc:2    | Bought a dazzling plate armour for 924 gold pieces
 29418 | Orc:2    | Identified the +8 plate armour of Beauty {rC+ Dex+6 Stlth+}
                  | (You bought it in a shop on level 2 of the Orcish Mines)
 29435 | Orc:2    | Found Jucvog's Armour Shop.
 29680 | Spider:1 | Entered Level 1 of the Spider Nest
 30252 | Spider:1 | Received a gift from Nemelex Xobeh
 30665 | Spider:1 | Reached skill level 15 in Fighting
 31004 | Spider:1 | Received a gift from Nemelex Xobeh
 32635 | Spider:2 | Received a gift from Nemelex Xobeh
 32977 | Spider:3 | Received a gift from Nemelex Xobeh
 33388 | Spider:3 | Noticed Kirke
 33410 | Spider:3 | Reached XP level 17. HP: 151/157 MP: 27/27
 33431 | Spider:3 | Killed Kirke
 34032 | Spider:3 | Received a gift from Nemelex Xobeh
 34097 | Spider:3 | Reached skill level 15 in Shields
 34412 | Spider:4 | Entered Level 4 of the Spider Nest
 34549 | Spider:4 | Noticed Arachne
 34591 | Spider:4 | Killed Arachne
 34592 | Spider:4 | Reached skill level 15 in Invocations
 35145 | Spider:4 | Received a gift from Nemelex Xobeh
 37227 | Spider:4 | Got a gossamer rune of Zot
 37745 | Elf:1    | Entered Level 1 of the Elven Halls
 37978 | Elf:1    | Noticed Asterion
 37986 | Elf:1    | Killed Asterion
 38079 | Elf:1    | Reached XP level 18. HP: 167/168 MP: 28/28
 38291 | Elf:1    | Received a gift from Nemelex Xobeh
 38861 | Elf:2    | Found Lioloaz's Jewellery Shop.
 40419 | Elf:1    | Received a gift from Nemelex Xobeh
 40658 | Elf:2    | Found a huge runed translucent gate.
 40658 | Elf:2    | Found a huge runed translucent gate.
 40659 | Elf:2    | Found a huge runed translucent gate.
 40660 | Elf:2    | Found a huge runed translucent gate.
 40690 | Elf:2    | Found a huge runed translucent gate.
 42087 | Elf:2    | Received a gift from Nemelex Xobeh
 42163 | Elf:2    | Identified the +0 trident of Amorality {vorpal, Dex+4}
 43183 | Shoals:1 | Entered Level 1 of the Shoals
 43783 | Shoals:1 | Received a gift from Nemelex Xobeh
 44173 | Shoals:1 | HP: 7/171 [kraken (21)]
 45408 | Shoals:2 | Noticed Polyphemus
 45427 | Shoals:2 | Killed Polyphemus
 45462 | Shoals:2 | Reached skill level 10 in Dodging
 45539 | Shoals:2 | Reached XP level 19. HP: 115/179 MP: 21/30
 45730 | Shoals:2 | Received a gift from Nemelex Xobeh
 46074 | Shoals:2 | Received a gift from Nemelex Xobeh
 46437 | Shoals:3 | Received a gift from Nemelex Xobeh
 46991 | Shoals:3 | Noticed Aizul
 47010 | Shoals:3 | Killed Aizul
 47135 | Shoals:3 | Found Oharphai's Distillery.
 47345 | Shoals:3 | Received a gift from Nemelex Xobeh
 47730 | Shoals:4 | Entered Level 4 of the Shoals
 47815 | Shoals:4 | Received a gift from Nemelex Xobeh
 47873 | Shoals:4 | Noticed Ilsuiw
 47929 | Shoals:4 | Killed Ilsuiw
 48544 | Shoals:4 | Identified the +0 robe of the Locust {Int+4}
 49979 | Shoals:4 | Got a barnacled rune of Zot
 50344 | Elf:3    | Entered Level 3 of the Elven Halls
 50351 | Elf:2    | Reached skill level 15 in Maces & Flails
 50609 | Elf:3    | Noticed a Brimstone Fiend
 50722 | Elf:2    | Cast into level 3 of the Abyss (a deep elf sorcerer)
 50722 | Abyss:3  | Found a corrupted altar of Lugonu.
 50723 | Abyss:3  | Noticed a bone dragon
 50723 | Abyss:3  | Received a gift from Nemelex Xobeh
 51025 | Abyss:3  | Received a gift from Nemelex Xobeh
 51109 | Abyss:3  | Noticed a bone dragon
 51148 | Abyss:3  | Found a corrupted altar of Lugonu.
 51171 | Elf:2    | Escaped the Abyss
 51178 | Elf:2    | HP: 6/182 [deep elf sorcerer/damnation (48)]
 51179 | Elf:2    | Killed from afar by a deep elf sorcerer

Illustrated notes

Levels and vault maps discovered:
D:1:      sevenhm_arrival_forest_fort_large_3, layout_loops_ring,
          shapermc_ecumenical_altar_starsandcircs
D:2:      layout_loops_ring, minmay_vboxes, uniq_terence, uniq_robin
D:3:      layout_basic, minmay_ruptured
D:4:      layout_rooms, grunt_temple_overflow_opulence
D:5:      layout_loops_ring, cheibrodos_sewer_entry_sluice
D:6:      layout_loops_cross, lemuel_zombie_altar_yredelemnul,
          grunt_dithmenos_smoke, minmay_temple_entry_grid, roderic_lattice_a
D:7:      layout_rooms, nicolae_qazlal_scattered_showers, minmay_holes,
          uniq_harold, uniq_duvessa
D:8:      layout_rooms, minmay_manual_moon, uniq_psyche, uniq_pikel
D:9:      layout_small_grid, okawaru_altar_gauntlet_db, minmay_misc_feat_five
D:10:     layout_roguey, jiyva_altar_1
D:11:     layout_roguey, grunt_lair_entry_orc_guard_hut, zombieorc2_lemuel,
          gauntlet_entry_generic, uniq_snorg, uniq_sonja, uniq_erica
D:12:     layout_small_grid, roderic_cross_of_infinity, uniq_nergalle,
          uniq_erolcha
D:13:     layout_rooms, nicolae_hepliaklqana_hazy_memory
D:14:     layout_stronghold, grunt_vaults_entry_fortified, enter_trove_0,
          serial_park_square3 [serial_park_minivault_5x5_3], st_stairs_2
D:15:     hangedman_depths_entry_civil_slaughter, layout_small_grid,
          nicolae_uskayaw_en_pointe, minivault_16
Temple:   nicolae_temple_elliptical
Lair:1:   layout_cave_pods
Lair:2:   layout_small_grid, uniq_maggie
Lair:3:   layout_chaotic_city
Lair:4:   gammafunk_lair_enchanted_lake, layout_regular_city,
          minmay_shoals_entry_centaurs, spider_nest_entry_rubble, minivault_23,
          serial_bayou_shore_a
Lair:5:   regret_index_bee_streams, layout_loops_ring, slime_altar_1,
          lemuel_old_faithful, serial_bayou_shore_b, lemuel_fruit_fields
Lair:6:   hangedman_lair_in_review, layout_small_grid, uniq_josephine
Shoals:1: layout_shoals
Shoals:2: layout_shoals, hangedman_shoals_cup_caves, uniq_polyphemus
Shoals:3: layout_shoals, serial_shops, shop, nicolae_shoals_square_sea_wall,
          uniq_aizul
Shoals:4: shoals_end_grunt_ice, layout_shoals, shoals_ilsuiw_alternative
Spider:1: layout_chambers, nicolae_spider_undead_wolf_pack
Spider:2: layout_spider_delve
Spider:3: layout_spider_delve, uniq_kirke
Spider:4: guppyfry_spider_rune, nicolae_spider_nook, uniq_arachne
Orc:1:    layout_caves, serial_shops, shop, uniq_maurice
Orc:2:    pubby_orc_utopia
Elf:1:    layout_geoelf_diagonals, serial_corexii_hall,
          chequers_hall_statues_corner_a, corexii_hall_statues_i,
          kennysheep_underground_church, uniq_asterion
Elf:2:    layout_loops_cross, serial_shops, nicolae_shop_statue_plus
Elf:3:    minmay_elf_hall_curves, layout_loops_corners,
          kilobyte_mutagenic_chamber, minmay_shoptagon, uniq_donald

Skill      XL: |  1  2  3  4  5  6  7  8  9 10 11 12 13 14 15 16 17 18 19 |
---------------+----------------------------------------------------------+-----
Armour         | 1 2 3 4 5 6 7 9 10 12 14 15 17 18 19 | 19.0
Maces & Flails | 4 5 6 7 8 10 11 12 14 15 | 15.1
Fighting       | 4 5 6 7 8 9 10 12 13 14 15 16 18 19 | 19.0
Dodging        | 4 5 6 7 8 9 10 11 | 11.0
Invocations    | 1 3 4 5 7 8 10 11 13 14 15 16 17 | 17.4
Shields        | 5 10 12 13 14 16 17 | 17.4
Stealth        | |  1.5

Action                   |  1- 3 |  4- 6 |  7- 9 | 10-12 | 13-15 | 16-18 | 19-21 || total
-------------------------+-------+-------+-------+-------+-------+-------+-------++-------
Melee: Mace              |    74 |    27 |       |       |       |       |       ||   101
       Headbutt          |    12 |    26 |    48 |   143 |   491 |   885 |   309 ||  1914
       Flail             |       |   140 |   140 |       |       |       |       ||   280
       Dire flail        |       |       |    66 |   491 |       |       |       ||   557
       Demon whip        |       |       |       |   125 |  1671 |  2552 |   811 ||  5159
Throw: Dart              |       |       |     8 |    24 |     3 |     1 |     1 ||    37
       Boomerang         |       |       |       |     6 |       |       |       ||     6
Invok: Draw Destruction  |       |       |     4 |    28 |    31 |     9 |    12 ||    84
       Draw Summoning    |       |       |       |     3 |     8 |     3 |     1 ||    15
       Deal Four         |       |       |       |       |     4 |    12 |     3 ||    19
       Triple Draw       |       |       |       |       |     2 |     3 |     2 ||     7
       Draw Escape       |       |       |       |       |       |     2 |       ||     2
Evoke: Wand              |       |       |       |     1 |       |       |       ||     1
  Use: Scroll            |     3 |     6 |     9 |     8 |     3 |     4 |     5 ||    38
       Potion            |       |       |       |       |       |     2 |     3 ||     5
 Stab: Petrified         |       |       |       |     4 |     6 |     8 |       ||    18
       Petrifying        |       |       |       |       |     1 |       |       ||     1
       Confused          |       |       |       |       |       |     2 |       ||     2
       Held in net/web   |       |       |       |       |       |     1 |       ||     1
Armor: Ring mail         |    16 |       |       |       |       |       |       ||    16
       Scale mail        |     7 |    47 |    51 |       |       |       |       ||   105
       Chain mail        |       |    16 |     7 |   314 |   299 |       |       ||   636
       Plate armour      |       |       |    61 |       |   353 |  1296 |   345 ||  2055
Dodge: Dodged            |    43 |    87 |   110 |   301 |   407 |   888 |   274 ||  2110
       Repelled          |       |       |     1 |     3 |     4 |    16 |     9 ||    33
Block: Tower shield      |       |       |       |    88 |  1531 |  2993 |   899 ||  5511

Table legend: (Time is in decaauts)
 A = Elapsed time spent in this place.
 B = Non-inter-level travel time spent in this place.
 C = Inter-level travel time spent in this place.
 D = Time resting spent in this place.
 E = Time spent auto-exploring this place.
 F = Levels seen in this place.
 G = Mean time per level.
                   A        B        C        D        E       F      G
               +--------+--------+--------+--------+--------+-----+--------+
         Total |  49789 |  47013 |   2776 |   3799 |  32351 |  37 | 1345.6 |
       Dungeon |  16999 |  15875 |   1124 |    419 |  11746 |  15 | 1133.3 |
        Temple |      1 |      1 |      0 |      0 |      0 |   1 |    1.0 |
          Lair |   9720 |   9111 |    609 |    708 |   6893 |   6 | 1620.0 |
        Shoals |   6629 |   6441 |    188 |   1088 |   3709 |   4 | 1657.2 |
   Spider Nest |   7487 |   7349 |    138 |    920 |   4709 |   4 | 1871.8 |
  Orcish Mines |   3188 |   2793 |    395 |      0 |   2042 |   2 | 1594.0 |
   Elven Halls |   5201 |   4881 |    320 |    645 |   3168 |   3 | 1733.7 |
         Abyss |    393 |    393 |      0 |     19 |      7 |   1 |  393.0 |
         Sewer |    167 |    167 |      0 |      0 |     76 |   1 |  167.0 |
               +--------+--------+--------+--------+--------+-----+--------+

Top non-repeatable levels by time:
    D:14: 3125 daAuts
   Elf:2: 2773 daAuts
Spider:1: 2452 daAuts
    D:11: 2404 daAuts
   Orc:2: 2363 daAuts
   Elf:1: 2263 daAuts
Spider:3: 2176 daAuts
Shoals:1: 2163 daAuts
Spider:4: 2092 daAuts
  Lair:6: 2007 daAuts
  Lair:5: 2006 daAuts
  Lair:4: 1953 daAuts
Shoals:3: 1860 daAuts
Shoals:4: 1603 daAuts
  Lair:1: 1400 daAuts
